 Dungeon Crawl Stone Soup version 0.22.0-27-ga576289601 (webtiles) character file.

757 MirrMurr the Chopper (level 7, -5/64 HPs)
             Began as a Deep Dwarf Fighter on Aug 21, 2018.
             Slain by a gargoyle
             ... wielding a +0 mace
              (8 damage)
             ... on level 5 of the Dungeon.
             The game lasted 00:09:18 (3240 turns).

MirrMurr the Chopper (Deep Dwarf Fighter)           Turns: 3240, Time: 00:09:19

Health: -5/64      AC: 14    Str: 22    XL:     7   Next: 50%
Magic:  6/6        EV:  7    Int:  8    God:
Gold:   82         SH:  9    Dex: 12    Spells: 6/6 levels left

rFire    . . .     SeeInvis .   a - +1 war axe
rCold    . . .     Gourm    .   c - +0 shield
rNeg     . . .     Faith    .   y - +1 chain mail
rPois    .         Spirit   .   w - +2 helmet
rElec    .         Reflect  .   (no cloak)
rCorr    .         Harm     .   (no gloves)
MR       +....                  (no boots)
Stlth    ..........             C - amulet of rage
HPRegen  0.00/turn              p - ring of flight
MPRegen  0.10/turn              (no ring)

@: non-regenerating
A: damage resistance, heal wounds, sense surroundings 1, no regeneration
a: Heal Wounds, Evoke Berserk Rage, Evoke Flight


You were on level 5 of the Dungeon.
You were not hungry.

You visited 1 branch of the dungeon, and saw 5 of its levels.

You collected 152 gold pieces.
You spent 70 gold pieces at shops.

Inventory:

Hand Weapons
 a - a +1 war axe (weapon)
 b - a +0 hunting sling
Missiles
 e - 24 sling bullets
 i - a throwing net {!f}
 k - 166 stones
 m - 7 tomahawks (quivered)
 q - 16 bolts
 B - 19 poisoned needles
Armour
 c - a +0 shield (worn)
 w - a +2 helmet (worn)
 y - a +1 chain mail (worn)
Jewellery
 p - a ring of flight (left hand)
 C - an amulet of rage (around neck)
Wands
 u - a wand of flame (25)
Scrolls
 j - 3 scrolls of fear
 r - a scroll of remove curse
 s - a scroll of enchant weapon
 v - a scroll of enchant armour
Potions
 d - 2 potions of might
 g - a potion of flight {unknown}
 h - 2 potions of magic
 l - a potion of resistance
 n - a potion of cancellation
 o - a potion of heal wounds
 z - 3 potions of curing
Comestibles
 f - 10 rations
 A - 8 chunks of flesh


   Skills:
 + Level 4.3 Fighting
 * Level 6.2 Axes
 + Level 5.2 Armour
 + Level 3.8 Dodging
 - Level 3.2 Shields


You had 6 spell levels left.
You didn't know any spells.
Your spell library was empty.

Dungeon Overview and Level Annotations

Branches:
Dungeon (5/15)
 Temple: D:4-7

Altars:

Shops:
D:4 *


Innate Abilities, Weirdness & Mutations

You are resistant to damage.
You can heal yourself by infusing magical energy.
You passively map a small area around you.
You do not regenerate.


Message History

You block the steam dragon's attack.
The steam dragon claws you but does no damage.
The gargoyle hits you but does no damage.
You slash the gargoyle!
The gargoyle is severely damaged.
You closely miss the steam dragon.
You are engulfed in a cloud of scalding steam.
* * * LOW HITPOINT WARNING * * *
You block the steam dragon's attack. x2
The gargoyle hurls a stone arrow at you.
The stone arrow hits you!
* * * LOW HITPOINT WARNING * * *
You hit the gargoyle.
The gargoyle is severely damaged.
You slash the steam dragon!
You are engulfed in a cloud of scalding steam.
* * * LOW HITPOINT WARNING * * *
The steam dragon bites you but does no damage.
The steam dragon barely misses you. The gargoyle hits you with a mace!
You die...

#### #......,* , ...#
#..#.#*##≈≈≈≈≈≈≈≈≈ ...#
#....###≈≈≈≈≈≈≈≈≈≈ ...#
#...###≈≈≈≈≈≈≈≈≈≈≈
...####.#.##§≈≈≈≈≈≈≈≈≈≈≈
≈
........#.#≈≈≈≈≈≈≈≈≈≈≈≈≈
≈
...######.#≈≈≈≈≈≈≈≈≈≈≈≈≈
........#.#≈≈≈≈≈≈≈♣..♣≈≈
≈
.....##.#.'.....@9.≈≈$≈≈
*
####.##.#.'......D.≈≈!≈≈
*
.....##.#.#≈≈≈≈≈≈≈♣..♣≈≈≈
* *
..#.....#.#≈≈≈≈≈≈≈≈≈≈≈≈≈
#.#.......#≈≈≈≈≈≈≈≈≈≈≈≈≈
≈
#.#######.##≈≈≈≈≈≈≈≈≈≈≈≈
*
..).......>##≈≈≈≈≈≈≈≈≈≈≈
..)#######..##≈≈≈≈≈≈≈≈≈
≈* , * ...)).###...<## ≈≈
,


You could see a steam dragon and a gargoyle.

Vanquished Creatures
  Sigmund (D:2)
  A phantom (D:4)
  A jelly (D:5)
  2 orc priests
  Natasha (D:3)
  2 orc wizards
  4 worker ants
  2 hound skeletons (D:4)
  Robin (D:3)
  12 adders
  2 shadow imps (D:5)
  An adder skeleton (D:5)
  A worm (D:3)
  A dart slug (D:3)
  3 leopard geckos
  8 orcs
  4 bats
  6 giant cockroaches
  12 hobgoblins
  2 jackals (D:2)
  7 kobolds
  2 ball pythons (D:3)
  6 frilled lizards
  18 goblins
  A jackal skeleton (D:4)
  5 rats
106 creatures vanquished.

Notes
Turn   | Place    | Note
-------+----------+-------------------------------------------
     0 | D:1      | MirrMurr the Deep Dwarf Fighter began the quest for the Orb.
     0 | D:1      | Reached XP level 1. HP: 20/20 MP: 1/1
    74 | D:1      | Reached XP level 2. HP: 21/27 MP: 2/2
   138 | D:1      | You fall through a shaft!
   172 | D:2      | Reached skill level 1 in Dodging
   185 | D:2      | Reached skill level 3 in Axes
   185 | D:2      | Reached XP level 3. HP: 30/34 MP: 3/3
  1065 | D:2      | Reached XP level 4. HP: 42/42 MP: 4/4
  1084 | D:2      | Found a faded altar of an unknown god.
  1110 | D:2      | Noticed Sigmund
  1174 | D:2      | Killed Sigmund
  1174 | D:2      | Reached skill level 4 in Axes
  1174 | D:2      | Reached XP level 5. HP: 48/49 MP: 5/5
  1804 | D:3      | Noticed Robin
  1814 | D:3      | Killed Robin
  1814 | D:3      | Reached XP level 6. HP: 53/56 MP: 6/6
  1977 | D:3      | Reached skill level 5 in Axes
  2274 | D:3      | Noticed Natasha
  2295 | D:3      | Killed Natasha
  2640 | D:4      | Found Welaisul's General Store.
  2648 | D:4      | Bought a potion of heal wounds for 70 gold pieces
  2696 | D:4      | Reached XP level 7. HP: 37/64 MP: 7/7
  2882 | D:4      | Reached skill level 5 in Armour
  3126 | D:5      | Entered Level 5 of the Dungeon
  3167 | D:5      | Reached skill level 6 in Axes
  3227 | D:5      | Noticed a gargoyle
  3227 | D:5      | Noticed a steam dragon
  3240 | D:5      | HP: 3/64 [steam dragon] (3)]
  3240 | D:5      | Slain by a gargoyle

Skill      XL: |  1  2  3  4  5  6  7 |
---------------+----------------------+-----
Dodging        | 1 2 3 |  3.8
Fighting       | 3 4 |  4.3
Axes           | 3 4 5 6 |  6.2
Armour         | 4 5 |  5.2
Shields        | |  3.2

Action                   |  1- 3 |  4- 6 |  7- 9 || total
-------------------------+-------+-------+-------++-------
Melee: War axe           |   145 |   192 |    57 ||   394
 Fire: Hunting sling     |       |     8 |       ||     8
 Abil: Heal Wounds       |     2 |       |     4 ||     6
  Use: Scroll            |     2 |     8 |     2 ||    12
       Potion            |       |     1 |       ||     1
  Eat: Chunk             |     1 |     2 |     2 ||     5
       Ration            |       |     1 |       ||     1
Armor: Scale mail        |    48 |    47 |       ||    95
       Chain mail        |       |    59 |    35 ||    94
Dodge: Dodged            |    50 |    52 |    18 ||   120
Block: Shield            |    81 |    83 |    30 ||   194
